 Dungeon Crawl Stone Soup version 0.23.2-40-g277498a (webtiles) character file.

Game seed: 4166813511382927624

259 cutekm83 the Shield-Bearer (level 5, -7/50 HPs)
             Began as a Troll Fighter on Sept 23, 2019.
             Killed from afar by Dowan (15 damage)
             ... with a shard of ice
             ... on level 4 of the Dungeon.
             The game lasted 00:22:09 (2893 turns).

cutekm83 the Shield-Bearer (Troll Fighter)          Turns: 2893, Time: 00:22:10

Health: -7/50      AC:  7    Str: 25    XL:     5   Next: 95%
Magic:  4/4        EV:  9    Int:  4    God:
Gold:   88         SH: 10    Dex:  9    Spells: 4/4 levels left

rFire    . . .     SeeInvis .     - Unarmed
rCold    . . .     Gourm    +   b - +0 shield
rNeg     . . .     Faith    .   a - +0 robe
rPois    .         Spirit   .   p - +1 hat
rElec    .         Reflect  .   (no cloak)
rCorr    .         Harm     .   (gloves unavailable)
MR       .....                  (boots unavailable)
Stlth    +.........             (no amulet)
HPRegen  0.56/turn              (no ring)
MPRegen  0.09/turn              (no ring)

@: no status effects
A: large, unfitting armour, claws 3, fast metabolism 3, gourmand, regeneration
1, shaggy fur 1, tough skin 3
a: no special abilities


You were on level 4 of the Dungeon.
You were completely stuffed.

You visited 1 branch of the dungeon, and saw 4 of its levels.

You collected 88 gold pieces.

Inventory:

Armour
 a - a +0 robe (worn)
 b - a +0 shield (worn)
 p - a +1 hat (worn)
Wands
 k - a wand of disintegration (14)
 l - a wand of enslavement (6)
 u - a wand of random effects (11)
Scrolls
 e - a scroll of enchant weapon
 g - 3 scrolls of remove curse
 m - a scroll of teleportation
 o - 2 scrolls of identify
Potions
 c - a potion of might
 h - 3 potions of curing
 i - a potion of lignification
 j - 2 potions of brilliance
 r - a potion of cancellation
Comestibles
 d - 9 rations
 f - 4 chunks of flesh


   Skills:
 - Level 2.4 Fighting
 - Level 2.4 Dodging
 * Level 5.5 Shields
 - Level 2.2 Unarmed Combat


You had 4 spell levels left.
You didn't know any spells.
Your spell library was empty.

Dungeon Overview and Level Annotations

Branches:
Dungeon (4/15)
 Temple: D:4-7

Altars:
Elyvilon
Fedhas

Annotations:
D:4 Dowan


Innate Abilities, Weirdness & Mutations

You are too large for most types of armour.
You have claws for hands.
Your metabolism is lightning-fast.
You like to eat raw meat.
Your natural rate of healing is unusually fast.
You are covered in fur. (AC +1)
You have extremely tough skin. (AC +3)


Message History

Dowan's eyes darken. "You have made a black mistake."
Dowan seems to find hidden reserves of power!
Your Shields skill increases to level 5!
Dowan hits you with a +0 dagger.
Unknown command.
You closely miss Dowan. Dowan hits you but does no damage.
Dowan barely misses you.
You closely miss Dowan. Dowan hits you but does no damage.
The iguana closely misses you.
A scorpion comes into view.
Dowan hits you with a +0 dagger.
You scratch Dowan.
Dowan is moderately wounded.
The iguana bites you. Dowan hits you with a +0 dagger.
Dowan hits you but does no damage. The iguana bites you!
* * * LOW HITPOINT WARNING * * *
Dowan says, "How can I live without her?"
Dowan points at you and mumbles some strange words.
The shard of ice hits you!
You die...

#........
#........ .
#$....... ..
##........ ...
#......##.
..+##+....>#...
.......### ♣
#.el..# #)@.###
#......♣
######s♣ .. ♣P


You could see Dowan, a scorpion and an iguana.

Vanquished Creatures
  Duvessa (D:4)
  Terence (D:3)
  4 adders (D:2)
  An ooze (D:3)
  2 worms (D:2)
  4 dart slugs
  2 leopard geckos (D:1)
  5 orcs (D:3)
  7 giant cockroaches
  11 goblins
  4 jackals (D:2)
  7 kobolds
  2 quokkas
  A ball python (D:3)
  7 bats
  6 frilled lizards
  4 rats
69 creatures vanquished.

Notes
Turn   | Place    | Note
-------+----------+-------------------------------------------
     0 | D:1      | cutekm83 the Troll Fighter began the quest for the Orb.
     0 | D:1      | Reached XP level 1. HP: 22/22 MP: 0/0
   214 | D:1      | Reached XP level 2. HP: 29/29 MP: 1/1
   292 | D:1      | Reached skill level 3 in Shields
   534 | D:1      | Reached XP level 3. HP: 36/36 MP: 2/2
   769 | D:2      | Found a white marble altar of Elyvilon.
  1048 | D:2      | Reached skill level 4 in Shields
  1048 | D:2      | Reached XP level 4. HP: 37/44 MP: 3/3
  1136 | D:2      | Found a blossoming altar of Fedhas.
  2126 | D:3      | Noticed Terence
  2130 | D:3      | Killed Terence
  2231 | D:3      | Reached XP level 5. HP: 50/50 MP: 4/4
  2800 | D:4      | Noticed Duvessa
  2813 | D:4      | Noticed Dowan
  2889 | D:4      | Killed Duvessa
  2889 | D:4      | Reached skill level 5 in Shields
  2893 | D:4      | Killed from afar by Dowan

Skill      XL: |  1  2  3  4  5 |
---------------+----------------+-----
Shields        | 3 4 5 |  5.5
Fighting       | |  2.4
Dodging        | |  2.4
Unarmed Combat | |  2.2

Action                   |  1- 3 |  4- 6 || total
-------------------------+-------+-------++-------
Melee: Unarmed           |   108 |   120 ||   228
  Use: Scroll            |       |    12 ||    12
 Stab: Sleeping          |     1 |       ||     1
  Eat: Chunk             |    15 |    17 ||    32
Armor: Robe              |    26 |    33 ||    59
Dodge: Dodged            |    24 |    37 ||    61
Block: Shield            |    42 |    55 ||    97
